 Dungeon Crawl Stone Soup version 0.22-a0-445-g8c8ef71 (webtiles) character file.

74 Fresel the Chopper (level 4, -1/41 HPs)
             Began as a Hill Orc Berserker on June 2, 2018.
             Was a Believer of Trog.
             Slain by Crazy Yiuf
             ... wielding a +3 quarterstaff of chaos
              (11 damage)
             ... on level 2 of the Dungeon.
             The game lasted 00:07:25 (1487 turns).

Fresel the Chopper (Hill Orc Berserker)             Turns: 1487, Time: 00:07:26

Health: -1/41      AC: 13    Str: 20    XL:     4   Next: 30%
Magic:  3/4        EV:  6    Int:  7    God:    Trog [**....]
Gold:   90         SH:  0    Dex: 10    Spells: 3/3 levels left

rFire    . . .     SeeInvis .   a - +0 hand axe
rCold    . . .     Gourm    .   (no shield)
rNeg     . . .     Faith    .   o - +0 plate armour
rPois    .         Spirit   .   (no helmet)
rElec    .         Reflect  .   (no cloak)
rCorr    .         Harm     .   i - +1 pair of gloves
MR       .....                  (no boots)
Stlth    ..........             (no amulet)
HPRegen  0.13/turn              (no ring)
MPRegen  0.09/turn              (no ring)

@: lethally poisoned (-1 -> -3)
A: no striking features
a: Berserk, Trog's Hand, Renounce Religion


You were on level 2 of the Dungeon.
You worshipped Trog.
Trog was pleased with you.
You were not hungry.

You visited 1 branch of the dungeon, and saw 2 of its levels.

You collected 90 gold pieces.

Inventory:

Hand Weapons
 a - a +0 hand axe (weapon)
Armour
 i - a +1 pair of gloves (worn)
 o - a +0 plate armour (worn)
Scrolls
 b - a scroll of immolation {unknown}
 d - a scroll of fog {unknown}
 k - 2 scrolls of identify
 l - a scroll of amnesia {unknown}
 m - a scroll of teleportation {unknown}
 t - a scroll of noise {unknown}
Potions
 e - 2 potions of invisibility {unknown}
 f - a potion of curing {unknown}
 g - 2 potions of degeneration {unknown}
 h - 3 potions of brilliance {unknown}
 j - a potion of resistance {unknown}
 n - 2 potions of lignification {unknown}
 p - a potion of flight {unknown}
 q - a potion of haste {unknown}
 s - a potion of mutation {unknown}
 u - a potion of heal wounds {unknown}
Comestibles
 c - a ration


   Skills:
 + Level 4.3 Fighting
 + Level 4.8 Axes
 + Level 3.0 Armour
 + Level 2.2 Dodging


You had 3 spell levels left.
You didn't know any spells.
Your spell library was empty.

Dungeon Overview and Level Annotations

Branches:
Dungeon (2/15)

Altars:
Fedhas

Annotations:
D:2 Crazy Yiuf


Message History

Crazy Yiuf completely misses you.
You turn to flesh and can move again.
You hit Crazy Yiuf.
Crazy Yiuf is severely wounded.
Crazy Yiuf cries, "Snower aubergine verde!"
Crazy Yiuf hits you but does no damage.
You hit Crazy Yiuf but do no damage.
Crazy Yiuf is severely wounded.
Crazy Yiuf grits, "Fluff Hive turtle!"
Crazy Yiuf hits you with a quarterstaff of chaos.
* * * LOW HITPOINT WARNING * * *
Crazy Yiuf freezes you.
* * * LOW HITPOINT WARNING * * *
Your plate armour prevents you from hitting Crazy Yiuf.
Crazy Yiuf is severely wounded.
You feel sick. Crazy Yiuf hits you but does no damage.
You hit Crazy Yiuf.
Crazy Yiuf is severely wounded.
Crazy Yiuf hits you with a quarterstaff of chaos!
You die...

##############....#
#.# #
#.................#
#.# #
#.###############.#
#.# # #.# ### #.# #
#.# #.# # #†# #.# #
#.##### ####
#.##### #..)).##
###..)# #.....#
#.....)####.@g..#
#####.#
##...)..#..##...#
##..### ##....#.###
#### #......
######## ##..###
#..###
########.....
#........####
##########


You could see Crazy Yiuf.

Vanquished Creatures
  Jessica (D:2)
  An adder (D:2)
  2 worms (D:2)
  A leopard gecko (D:1)
  A ball python (D:1)
  8 bats
  A giant cockroach (D:1)
  5 goblins
  4 hobgoblins
  A kobold (D:1)
  A quokka (D:2)
  3 rats
29 creatures vanquished.

Notes
Turn   | Place    | Note
-------+----------+-------------------------------------------
     0 | D:1      | Fresel the Hill Orc Berserker began the quest for the Orb.
     0 | D:1      | Reached XP level 1. HP: 19/19 MP: 1/1
   214 | D:1      | Reached XP level 2. HP: 22/27 MP: 2/2
   756 | D:1      | Reached XP level 3. HP: 26/33 MP: 3/3
   977 | D:2      | Found a blossoming altar of Fedhas.
   986 | D:2      | Reached ** piety under Trog
  1383 | D:2      | Noticed Jessica
  1386 | D:2      | Killed Jessica
  1386 | D:2      | Reached XP level 4. HP: 41/41 MP: 4/4
  1459 | D:2      | Found a runed door.
  1463 | D:2      | Noticed Crazy Yiuf
  1487 | D:2      | Slain by Crazy Yiuf

Vault maps used:
D:1:      mrwooster_arrival_statue_2, minmay_tetromino_o4
D:2:      wad_pebble_path, fedhas_altar_1, uniq_crazy_yiuf_cottage, uniq_jessica

Skill      XL: |  1  2  3 |
---------------+----------+-----
Fighting       | 4 |  4.3
Dodging        | 2 |  2.2
Armour         | 3 |  3.0
Axes           | |  4.8

Action                   |  1- 3 |  4- 6 || total
-------------------------+-------+-------++-------
Melee: Hand axe          |    95 |    20 ||   115
  Use: Scroll            |       |     2 ||     2
  Eat: Ration            |     1 |       ||     1
Armor: Animal skin       |     5 |       ||     5
       Chain mail        |    47 |       ||    47
       Plate armour      |     4 |    12 ||    16
Dodge: Dodged            |    52 |     5 ||    57

Table legend:
 A = Spawn XP
 B = Non-spawn XP
 C = Spawn XP percentage of total XP
 D = Spawn monster count
 E = Non-spawn monster count
 F = Spawn count percentage of total count
 G = Total turns spent on level
                    A         B        C        D         E        F      G
               +---------+---------+-------+---------+---------+-------+---------
         Total |       0 |     107 |   0.0 |       0 |      29 |   0.0 |  1487
               +---------+---------+-------+---------+---------+-------+---------
           D:1 |       0 |      34 |   0.0 |       0 |      18 |   0.0 |   861
           D:2 |       0 |      73 |   0.0 |       0 |      11 |   0.0 |   626
               +---------+---------+-------+---------+---------+-------+---------
